 Dungeon Crawl Stone Soup version 0.27-a0-1245-g940ed4f (webtiles) character file.

Game seed: 7820512201585912148

27 BigLord the Gusty (level 2, 0/11 HPs)
             Began as a Felid Air Elementalist on June 9, 2021.
             Slain by a jackal (1 damage)
             ... on level 2 of the Dungeon.
             The game lasted 00:05:33 (1565 turns).

BigLord the Gusty (Felid Air Elementalist)          Turns: 1565, Time: 00:05:34

Health: 0/11       AC:  1    Str:  4    XL:     2   Next: 93%
Magic:  2/6        EV: 17    Int: 16    God:
Gold:   49         SH:  0    Dex: 16    Spells: 4/5 levels left
                                        Lives:  0   Deaths: 0

rFire    . . .     SeeInvis +   (weapon unavailable)
rCold    . . .     Faith    .   (shield unavailable)
rNeg     . . .     Spirit   .   (armour unavailable)
rPois    .         Reflect  .   (helmet unavailable)
rElec    .         Harm     .   (cloak unavailable)
rCorr    .         Rampage  .   (gloves unavailable)
Will     .....                  (boots unavailable)
Stlth    ++........             (no amulet)
HPRegen  0.03/turn              (no ring)
MPRegen  0.10/turn              (no ring)

@: quick
A: very small, claws 1, fangs 3, see invisible, speed 1, shaggy fur 1, stealthy
paws, no weapons or thrown items, no armour, multi-lived
a: no special abilities


You were on level 2 of the Dungeon.
You visited 1 branch of the dungeon, and saw 2 of its levels.

You collected 49 gold pieces.

Inventory:

Jewellery
 d - a ring of wizardry
Scrolls
 b - a scroll of identify {unknown}
 c - 2 scrolls of fear {unknown}
 f - a scroll of blinking {unknown}
 g - a scroll of summoning {unknown}
Potions
 a - a potion of lignification {unknown}
 e - a potion of degeneration {unknown}


   Skills:
 + Level 0.2 Fighting
 + Level 2.6 Dodging
 + Level 2.8 Stealth
 + Level 0.3 Unarmed Combat
 + Level 2.1 Spellcasting
 + Level 0.8 Conjurations
 + Level 3.5 Air Magic


You had 4 spell levels left.
You knew the following spells:

 Your Spells              Type           Power      Damage    Failure   Level
a - Shock                 Conj/Air       32%        1d5       9%          1

Your spell library contained the following spells:

 Spells                   Type           Power      Damage    Failure   Level
 Static Discharge         Conj/Air       8%         N/A       13%         2
 Swiftness                Air            12%        N/A       14%         3
 Summon Small Mammal      Summ           4%         N/A       21%         1
 Call Imp                 Summ           1%         N/A       30%         2
 Airstrike                Air            6%         N/A       43%         4
 Call Canine Familiar     Summ           1%         N/A       52%         3
 Summon Guardian Golem    Hex/Summ       1%         N/A       52%         3
 Summon Lightning Spire   Summ/Air       7%         N/A       69%         4
 Summon Ice Beast         Ice/Summ       1%         N/A       90%         4
 Lightning Bolt           Conj/Air       4%         1d15      93%         5


Dungeon Overview and Level Annotations

Branches:
Dungeon (2/15)

Altars:

Shops:
D:1 ?!?


Innate Abilities, Weirdness & Mutations

You have sharp claws.
You have razor-sharp teeth.
You have supernaturally acute eyesight. (SInv)
You cover ground quickly. (Speed+)
You are covered in fur. (AC +1)
Your paws help you pounce on unaware monsters.
You are incapable of wielding weapons or throwing items.
You cannot wear armour.
You gain extra lives every three experience levels.


Message History

You scratch the jackal.
You kill the jackal!
The jackal barely misses you.
You miss the jackal.
The jackal is lightly wounded.
The jackal closely misses you.
Your magical contamination has completely faded away.
You scratch the jackal but do no damage.
The jackal is lightly wounded.
The jackal bites you but does no damage.
You scratch the jackal but do no damage.
The jackal is lightly wounded.
The jackal bites you. x2
* * * LOW HITPOINT WARNING * * *
You scratch the jackal.
The jackal is moderately wounded.
The jackal misses you.
You closely miss the jackal.
The jackal is moderately wounded.
The jackal closely misses you.
The jackal bites you but does no damage.
You scratch the jackal. Your bite misses the jackal.
The jackal is heavily wounded.
The jackal bites you.
* * * LOW HITPOINT WARNING * * *
You are too injured to fight recklessly!
You scratch the jackal but do no damage.
You bite the jackal, but do no damage.
The jackal is heavily wounded.
The jackal barely misses you.
You closely miss the jackal.
The jackal is heavily wounded.
The jackal barely misses you. The jackal misses you.
You completely miss the jackal.
The jackal is heavily wounded.
The jackal misses you.
You scratch the jackal.
The jackal is severely wounded.
The jackal completely misses you. The jackal bites you.
You die...

.####.# #..# #.#
.# #..# #.# ..
#..# #.# #+##
###..# #.# . ...
....# #.# .
....####.#.# #.#
..........# #.#
..^h......####.#
...)....>..(.h@#
....##.#########
# #. #[ #. #. #.
#.


You could see a jackal.

Vanquished Creatures
  An endoplasm (D:1)
  A giant cockroach (D:1)
  3 goblins (D:1)
  2 hobgoblins
  5 jackals
  5 kobolds
  4 ball pythons (D:1)
  A frilled lizard (D:2)
  2 rats (D:2)
24 creatures vanquished.

Notes
Turn   | Place    | Note
-------+----------+-------------------------------------------
     0 | D:1      | BigLord the Felid Air Elementalist began the quest for the
                  | Orb.
     0 | D:1      | Reached XP level 1. HP: 7/7 MP: 4/4
    36 | D:1      | Reached skill level 3 in Air Magic
   444 | D:1      | Reached XP level 2. HP: 8/11 MP: 6/6
   595 | D:1      | Found Ogeziher's Magic Scroll Emporium.
   714 | D:1      | Found Cuabelil's Magic Scroll Boutique.
   862 | D:1      | Found Mulaawuh's Distillery.
  1565 | D:2      | Slain by a jackal

Illustrated notes

Levels and vault maps discovered:
D:1:      dpeg_arrival_arbitrary_c, layout_loops_ring, serial_shops, shop, shop,
          nicolae_shop_stone
D:2:      layout_basic, ebering_ecumenical_altar_sacrificial

Skill      XL: |  1 |
---------------+----+-----
Air Magic      | 3 |  3.5
Fighting       | |  0.2
Dodging        | |  2.6
Stealth        | |  2.8
Unarmed Combat | |  0.3
Spellcasting   | |  2.1
Conjurations   | |  0.8

Action                   || total
-------------------------++-------
Melee: Unarmed           ||    45
       Bite              ||     4
 Cast: Shock             ||    20
 Stab: Sleeping          ||     5
Armor: Skin              ||     4
Dodge: Dodged            ||    36

Table legend: (Time is in decaauts)
 A = Elapsed time spent in this place.
 B = Non-inter-level travel time spent in this place.
 C = Inter-level travel time spent in this place.
 D = Time resting spent in this place.
 E = Time spent auto-exploring this place.
 F = Levels seen in this place.
 G = Mean time per level.
                   A        B        C        D        E       F      G
               +--------+--------+--------+--------+--------+-----+--------+
         Total |   1341 |   1341 |      0 |    372 |      0 |   2 |  670.5 |
       Dungeon |   1341 |   1341 |      0 |    372 |      0 |   2 |  670.5 |
               +--------+--------+--------+--------+--------+-----+--------+

Top non-repeatable levels by time:
     D:1: 1069 daAuts
     D:2: 271 daAuts
